 Dungeon Crawl Stone Soup version 0.25.1-2-g60ff931df9 (webtiles) character file.

Game seed: 9313663440695845666

70 pokeman the Magician (level 4, 0/25 HPs)
             Began as a Deep Elf Wizard on Oct 6, 2020.
             Slain by a gnoll
             ... wielding a +0 flail
              (10 damage)
             ... on level 2 of the Dungeon.
             The game lasted 00:04:04 (2287 turns).

pokeman the Magician (Deep Elf Wizard)              Turns: 2287, Time: 00:04:05

Health: 0/25       AC:  4    Str:  4    XL:     4   Next: 3%
Magic:  1/13       EV: 11    Int: 24    God:
Gold:   83         SH:  0    Dex: 13    Spells: 2/13 levels left

rFire    . . .     SeeInvis .   m - +3 short sword
rCold    . . .     Gourm    .   (no shield)
rNeg     . . .     Faith    .   q - +0 leather armour
rPois    .         Spirit   .   k - +0 helmet
rElec    .         Reflect  .   (no cloak)
rCorr    .         Harm     .   (no gloves)
MR       .....                  (no boots)
Stlth    ++........             g - amulet of inaccuracy (curse)
HPRegen  0.08/turn              (no ring)
MPRegen  0.13/turn              (no ring)

@: very slightly contaminated
A: no striking features
a: no special abilities


You were on level 2 of the Dungeon.
You were very hungry.

You visited 1 branch of the dungeon, and saw 2 of its levels.

You collected 83 gold pieces.

Inventory:

Hand Weapons
 m - a +3 short sword (weapon)
Missiles
 h - 27 bolts
Armour
 k - a +0 helmet (worn)
 q - a +0 leather armour (worn)
Jewellery
 g - a cursed amulet of inaccuracy (around neck)
Scrolls
 b - 2 scrolls of immolation {unknown}
 c - a scroll of fog {unknown}
 e - a scroll of remove curse {unknown}
 f - a scroll of blinking {unknown}
 i - a scroll of teleportation {unknown}
 j - a scroll of enchant armour {unknown}
 n - a scroll of noise {unknown}
 o - a scroll of identify {unknown}
Potions
 l - a potion of curing {unknown}
 p - a potion of stabbing {unknown}
Comestibles
 d - 3 rations


   Skills:
 - Level 1.0 Fighting
 - Level 1.0 Armour
 - Level 2.4 Dodging
 - Level 2.4 Stealth
 * Level 5.4 Spellcasting
 * Level 2.2 Conjurations
 - Level 1.1 Summonings
 - Level 1.1 Translocations
 + Level 0.3 Fire Magic
 + Level 0.4 Air Magic


You had 2 spell levels left.
You knew the following spells:

 Your Spells              Type           Power        Failure   Level  Hunger
a - Magic Dart            Conj           ###.         6%          1    None
b - Mephitic Cloud        Conj/Pois/Air  ##......     30%         3    #......
c - Call Imp              Summ           ##......     14%         2    None
d - Blink                 Tloc           N/A          14%         2    None
e - Conjure Flame         Conj/Fire      ##......     26%         3    #......

Your spell library contained the following spells:

 Spells                   Type           Power        Failure   Level  Hunger
 Slow                     Hex            #.......     22%         2    None


Dungeon Overview and Level Annotations

Branches:
Dungeon (2/15)

Altars:
Okawaru
The Shining One


Message History

You are very lightly contaminated with residual magic.
Nothing appears to happen.
You hit the gnoll.
The gnoll is lightly wounded.
The gnoll hits you with a +0 flail!
You closely miss the gnoll.
The gnoll is lightly wounded.
The gnoll barely misses you.
You hit the gnoll.
The gnoll is moderately wounded.
The gnoll closely misses you.
You hit the gnoll.
The gnoll is moderately wounded.
The gnoll hits you with a +0 flail.
You hit the gnoll.
The gnoll is severely wounded.
You hit the gnoll but do no damage.
The gnoll is severely wounded.
The gnoll hits you with a +0 flail!
You die...

..'.....#.#.g#
..####..#.#..#
..........#..############
#######.###.....)..g....#
#.####.##########g# #..#
#.# #.# ##.###.# #.#
#..##.##########.#
##.##....@gg...).#
#.##.############ #..#.#
##.#.# #.#.# #...# ##..#
#..# #####..#


You could see 2 gnolls.

Vanquished Creatures
  Robin (D:2)
  2 gnolls (D:2)
  A leopard gecko (D:1)
  2 ball pythons
  A giant cockroach (D:2)
  8 goblins
  10 hobgoblins
  3 bats
  6 kobolds
  A rat (D:1)
35 creatures vanquished.

Notes
Turn   | Place    | Note
-------+----------+-------------------------------------------
     0 | D:1      | pokeman the Deep Elf Wizard began the quest for the Orb.
     0 | D:1      | Reached XP level 1. HP: 10/10 MP: 7/7
   304 | D:1      | Reached XP level 2. HP: 15/15 MP: 7/9
   857 | D:2      | Found an iron altar of Okawaru.
   857 | D:2      | Found a glowing golden altar of the Shining One.
  1036 | D:2      | Reached skill level 5 in Spellcasting
  1041 | D:2      | Noticed Robin
  1077 | D:2      | Reached XP level 3. HP: 17/20 MP: 1/11
  1387 | D:2      | Killed Robin
  2151 | D:2      | Reached skill level 1 in Fighting
  2151 | D:2      | Reached skill level 1 in Armour
  2156 | D:2      | Learned a level 3 spell: Mephitic Cloud
  2159 | D:2      | Learned a level 2 spell: Call Imp
  2162 | D:2      | Learned a level 2 spell: Blink
  2166 | D:2      | Learned a level 3 spell: Conjure Flame
  2264 | D:2      | Reached XP level 4. HP: 25/25 MP: 1/13
  2287 | D:2      | Slain by a gnoll

Illustrated notes

Levels and vault maps discovered:
D:1:      evilmike_arrival_hilbert_curve, layout_rooms
D:2:      layout_basic, grunt_temple_overflow_open, minmay_3d_cube, uniq_robin

Skill      XL: |  1  2  3 |
---------------+----------+-----
Spellcasting   | 5 |  5.4
Fighting       | 1 |  1.0
Armour         | 1 |  1.0
Conjurations   | 2 |  2.2
Dodging        | |  2.4
Stealth        | |  2.4
Summonings     | |  1.1
Translocations | |  1.1
Fire Magic     | |  0.3
Air Magic      | |  0.4

Action                   |  1- 3 |  4- 6 || total
-------------------------+-------+-------++-------
Melee: Short sword       |    14 |     6 ||    20
 Cast: Magic Dart        |    78 |       ||    78
       Mephitic Cloud    |     2 |       ||     2
  Eat: Chunk             |     3 |       ||     3
Armor: Robe              |     4 |       ||     4
Dodge: Dodged            |    30 |     2 ||    32
